 Dungeon Crawl Stone Soup version 0.29-a0-284-gf9362112df (webtiles) character file.

Game seed: 10739897274307076307

72 sammy202020 the Skirmisher (level 4, 0/37 HPs)
             Began as a Demonspawn Berserker on Mar 22, 2022.
             Was a Believer of Trog.
             Killed by divine providence
             ... invoked by an orc priest
              (8 damage)
             ... on level 3 of the Dungeon.
             The game lasted 00:03:13 (2622 turns).

sammy202020 the Skirmisher (Demonspawn Berserker)   Turns: 2622, Time: 00:03:13

Health: 0/37       AC:  9    Str: 17    XL:     4   Next: 6%
Magic:  4/4        EV:  8    Int: 10    God:    Trog [**....]
Gold:   145        SH:  0    Dex: 13    Spells: 3/3 levels left

rFire   . . .      SeeInvis .   a - +0 hand axe
rCold   . . .      Faith    .   (no shield)
rNeg    . . .      Spirit   .   f - +0 ring mail
rPois   .          Reflect  .   (helmet restricted)
rElec   .          Harm     .   i - +0 cloak
rCorr   .          Rampage  .   m - +0 pair of gloves
Will    +++..                   (no boots)
Stlth   +.........              (no amulet)
HPRegen 1.12/turn               j - ring of willpower
MPRegen 0.09/turn               (no ring)

@: strong-willed, regenerating, constricted
A: antennae 1, icy blue scales 1, demonic magic 1
a: Renounce Religion, Berserk, Trog's Hand


You were on level 3 of the Dungeon.
You worshipped Trog.
Trog was pleased with you.
You visited 1 branch of the dungeon, and saw 3 of its levels.

You collected 145 gold pieces.

Inventory:

Hand Weapons
 a - a +0 hand axe (weapon)
 c - a +0 mace
Missiles
 d - 5 boomerangs (quivered)
Armour
 b - a +0 animal skin
 f - a +0 ring mail (worn)
 i - a +0 cloak (worn)
 m - a +0 pair of gloves (worn)
Jewellery
 j - a ring of willpower (left hand)
Scrolls
 g - 3 scrolls of identify {unknown}
 n - a scroll of enchant weapon {unknown}
Potions
 e - a potion of cancellation {unknown}
 h - a potion of heal wounds {unknown}
 k - 2 potions of curing {unknown}
 l - a potion of might {unknown}


   Skills:
 * Level 3.6 Fighting
 * Level 3.3 Axes
 * Level 2.6 Armour
 + Level 2.0 Dodging


You had 3 spell levels left.
You didn't know any spells.
Your spell library was empty.

Dungeon Overview and Level Annotations

Branches:
Dungeon (3/15)

Altars:

Annotations:
D:3 Grinder


Innate Abilities, Weirdness & Mutations

You have a pair of small antennae on your head.
You are partially covered in icy blue scales. (AC +2)
Spells you cast may paralyse adjacent enemies.


Message History

You hit the goblin.
The goblin is severely wounded.
You barely miss the orc wizard. The goblin completely misses you.
Grinder blinks!
The orc wizard hits you but does no damage.
You hit the goblin but do no damage.
The goblin is severely wounded.
You hit the orc wizard. The goblin hits you but does no damage.
An orc priest comes into view. It is wielding a +0 hand axe.
The orc wizard points at you and mumbles some strange words.
The magic dart hits you! The goblin hits you with a +0 dagger.
You barely miss the goblin.
The goblin is severely wounded.
You barely miss the orc wizard.
The orc priest shouts!
The orc wizard closely misses you. The goblin hits you but does no damage.
You hit the goblin but do no damage.
The goblin is severely wounded.
You hit Grinder but do no damage.
You hit the orc wizard but do no damage.
Grinder hits you but does no damage. The goblin hits you but does no damage.
You miss the goblin.
The goblin is heavily wounded.
You hit the orc.
You kill the orc!
Trog accepts your kill.
You barely miss the orc wizard. You hit Grinder. Grinder hits you.
You writhe in agony.
The orc wizard misses you. The goblin closely misses you.
Your skin crawls.
You feel strong-willed.
The ball python bites you but does no damage.
The ball python grabs you. The ball python constricts you.
Grinder gestures at you. You resist with almost no effort.
The orc wizard hits you but does no damage.
The goblin barely misses you. The orc hits you with a +0 flail.
* * * LOW HITPOINT WARNING * * *
The orc priest mumbles some strange prayers to Beogh against you.
Beogh smites you!
You die...

..# #.# #.# #.# #.# ###
##############.### ..
..........≈≈≈≈...# #.#
≈≈....oo.....≈...####.#
....o.g@†.≈≈≈≈.#.#....##
......5S....††..........
..........##.#.....#....
..........##.###.###..#.
..........##............
.......#########.####.#.
....... ..# #..#.
....... ### #.... ....
##...


You could see Grinder, an orc priest, an orc wizard, an orc, a goblin and a ball
python.

Vanquished Creatures
  An adder (D:2)
  A worm (D:3)
  2 dart slugs
  An orc (D:3)
  2 ball pythons
  3 endoplasms
  4 giant cockroaches
  4 goblins (D:1)
  4 hobgoblins
  6 jackals
  5 quokkas
  5 bats
  3 frilled lizards (D:1)
  3 kobolds (D:1)
  4 rats
48 creatures vanquished.

Notes
Turn   | Place    | Note
-------+----------+-------------------------------------------
     0 | D:1      | sammy202020 the Demonspawn Berserker began the quest for
                  | the Orb.
     0 | D:1      | Reached XP level 1. HP: 18/18 MP: 1/1
   189 | D:1      | Gained mutation: You have a pair of small antennae on your
                  | head. [demonic ancestry]
   189 | D:1      | Reached XP level 2. HP: 19/24 MP: 2/2
  1292 | D:1      | Gained mutation: Spells you cast may paralyse adjacent
                  | enemies. [demonic ancestry]
  1292 | D:1      | Reached XP level 3. HP: 29/29 MP: 3/3
  1997 | D:2      | Reached ** piety under Trog
  2612 | D:3      | Gained mutation: You are partially covered in icy blue
                  | scales. (AC +2) [demonic ancestry]
  2612 | D:3      | Reached XP level 4. HP: 29/37 MP: 4/4
  2613 | D:3      | Noticed Grinder
  2622 | D:3      | Killed from afar by an orc priest

Illustrated notes

Levels and vault maps discovered:
D:1:      dpeg_arrival_houses_and_road, layout_basic
D:2:      layout_loops_ring, nicolae_concentric_dashed_squares_mild
D:3:      layout_basic, nicolae_tso_carved_into_rock,
          mainiacjoe_overflow_tiny_flanked, serial_rivers,
          chequers_serial_rivers_micro_d, chequers_serial_rivers_micro_e,
          chequers_serial_rivers_small_3, chequers_serial_rivers_small_a,
          chequers_serial_rivers_micro_a, chequers_serial_rivers_room_b,
          dreamdust_ecumenical_altar_statues, uniq_ijyb, uniq_grinder

Skill      XL: |  1  2  3 |
---------------+----------+-----
Armour         | 2 |  2.6
Axes           | 3 |  3.3
Dodging        | 2 |  2.0
Fighting       | |  3.6

Action                   |  1- 3 |  4- 6 || total
-------------------------+-------+-------++-------
Melee: Hand axe          |   146 |     8 ||   154
Invok: Trog's Hand       |       |     1 ||     1
Armor: Animal skin       |    12 |       ||    12
       Ring mail         |    46 |     8 ||    54
Dodge: Dodged            |   103 |     8 ||   111

Table legend: (Time is in decaauts)
 A = Elapsed time spent in this place.
 B = Non-inter-level travel time spent in this place.
 C = Inter-level travel time spent in this place.
 D = Time resting spent in this place.
 E = Time spent auto-exploring this place.
 F = Levels seen in this place.
 G = Mean time per level.
                   A        B        C        D        E       F      G
               +--------+--------+--------+--------+--------+-----+--------+
         Total |   2645 |   2463 |    182 |      0 |   2049 |   3 |  881.7 |
       Dungeon |   2645 |   2463 |    182 |      0 |   2049 |   3 |  881.7 |
               +--------+--------+--------+--------+--------+-----+--------+

Top non-repeatable levels by time:
     D:1: 1520 daAuts
     D:2: 938 daAuts
     D:3: 186 daAuts
